cohdb
Replays
Latest Replays
All Replays
Popular Replays
Top Player Replays
Match Explorer
How It Works
Community
CoH3 Stats
Reddit
Sign in to upload your games and track your stats! →
Sign in with Steam
Match 39685991
Unlisted
Match 39685991
Overview
Messages
Build Orders
End
Kettenkrad Recon Vehicle
Construct Infanterie Kompanie
Selects Breakthrough Battlegroup
Grenadier Squad
MG 42 Machine Gun Team
Grenadier Squad
Construct Panzergrenadier Kompanie
Panzergrenadier Squad
Pak 40 Anti-tank Gun Team
Medical Bunker
Panzergrenadier Squad
Construct Panzer Kompanie
Selects Rapid Production
Selects Blitzkrieg
Pioneer Squad
Medical Station
Panzer IV Medium Tank
Pioneer Squad
Selects Tiger Heavy Tank
Stoßtruppen Squad
Side Skirts
N3oX
sword_crusher
0
0
Comments
sign in to comment!
No comments posted yet!